 Dungeon Crawl Stone Soup version 0.29.1-12-g30fa7ad0bf (webtiles) character file.

Game seed: 6030567359945240270

585 soggyman666 the Cleaver (level 7, -1/58 HPs)
             Began as a Minotaur Fighter on Dec 28, 2022.
             Succumbed to a gnoll's poison
             ... on level 4 of the Dungeon.
             The game lasted 00:12:05 (4148 turns).

soggyman666 the Cleaver (Minotaur Fighter)          Turns: 4148, Time: 00:12:06

Health: -1/58      AC:  8    Str: 23    XL:     7   Next: 15%
Magic:  6/6        EV:  9    Int:  5    God:
Gold:   257        SH:  4    Dex:  9    Spells: 6/6 levels left

rFire   + + .      SeeInvis .   a - +0 war axe
rCold   + . .      Faith    .   c - +0 buckler
rNeg    . . .      Spirit   .   b - +0 scale mail
rPois   +          Reflect  .   (helmet restricted)
rElec   +          Harm     .   k - +0 cloak
rCorr   +          Rampage  .   (no gloves)
Will    .....                   (no boots)
Stlth   ..........              u - amulet of the acrobat
HPRegen 0.19/turn               p - ring of protection from fire
MPRegen 0.10/turn               (no ring)

@: lethally poisoned (-1 -> -10), about to teleport, resistant
A: horns 2, retaliatory headbutt
a: no special abilities


You were on level 4 of the Dungeon.
You visited 1 branch of the dungeon, and saw 5 of its levels.

You collected 257 gold pieces.

Inventory:

Hand Weapons
 a - a +0 war axe (weapon)
Armour
 b - a +0 scale mail (worn)
 c - a +0 buckler (worn)
 k - a +0 cloak (worn)
Jewellery
 h - a ring of ice
 p - a ring of protection from fire (left hand)
 u - an amulet of the acrobat (around neck)
Wands
 t - a wand of iceblast (8)
Scrolls
 e - 3 scrolls of poison
 g - a scroll of silence
 i - a scroll of magic mapping
 m - a scroll of fog {unknown}
 n - a scroll of enchant armour {unknown}
Potions
 d - a potion of heal wounds {unknown}
 j - 2 potions of flight
 q - a potion of brilliance {unknown}
 r - a potion of degeneration {unknown}
 s - 2 potions of lignification {unknown}


   Skills:
 + Level 3.8 Fighting
 - Level 9.1 Axes
 + Level 3.8 Armour
 + Level 0.8 Dodging
 + Level 3.8 Shields


You had 6 spell levels left.
You didn't know any spells.
Your spell library contained the following spells:

 Spells                   Type           Power      Damage    Failure   Level
 Freeze                   Ice            0%         1d3       86%         1
 Dazzling Flash           Conj/Hex       0%         N/A       99%         3
 Frozen Ramparts          Ice            0%         1d1       99%         3
 Gell's Gravitas          Tloc           0%         N/A       99%         3
 Teleport Other           Tloc           0%         N/A       99%         3
 Hailstorm                Conj/Ice       0%         3d3       100%        4
 Iskenderun's Mystic Bla  Conj/Tloc      0%         2d3       100%        4
 Fireball                 Conj/Fire      0%         3d3       100%        5
 Lightning Bolt           Conj/Air       0%         1d11      100%        5
 Dispersal                Tloc           0%         N/A       100%        6
 Starburst                Conj/Fire      0%         6d3       100%        6
 Polar Vortex             Ice            0%         N/A       100%        9


Dungeon Overview and Level Annotations

Branches:
Dungeon (5/15)
 Temple: D:4-7

Altars:
Qazlal
Zin
The Shining One

Shops:
D:1 *

Annotations:
D:4 1 runed translucent door, fantasyman's ghost, amateur MiFi


Innate Abilities, Weirdness & Mutations

You have a pair of horns on your head.
You reflexively headbutt those who attack you in melee.


Message History

The hound pauses to sniff the ground.
You block the gnoll's attack. The hound attacks as you move away!
The hound bites you but does no damage. You block the gnoll's attack.
The shadow imp barely misses you. You block the gnoll's attack.
The hound misses you. You furiously retaliate!
You headbutt the hound.
There is an escape hatch in the ceiling here.
You block the hound's attack.
The gnoll hits you with a +1 whip of venom.
* * * LOW HITPOINT WARNING * * *
You are poisoned.
You block the jelly's attack. The shadow imp hits you.
* * * LOW HITPOINT WARNING * * *
A mysterious force pulls you upwards. The hatch slams shut behind you.
Level annotation: 1 runed translucent door, fantasyman's ghost, amateur MiFi
* * * LOW HITPOINT WARNING * * *
You feel sick.
Okay, then.
You feel better. The gnoll hits you but does no damage.
You are poisoned.
You block the jelly's attack. The shadow imp gestures at you.
Pain shoots through your body!
* * * LOW HITPOINT WARNING * * *
You feel better.
The gnoll hits you with a +1 whip of venom.
* * * LOW HITPOINT WARNING * * *
The shadow imp hits you.
* * * LOW HITPOINT WARNING * * *
You block the jelly's attack.
As you read the scroll of teleportation, it crumbles to dust.
You feel strangely unstable.
The gnoll hits you with a +1 whip of venom.
* * * LOW HITPOINT WARNING * * *
You are lethally poisoned!
The jelly hits you but does no damage. The shadow imp barely misses you.
Unknown command.
It was a potion of resistance.
You feel protected.
You die...

##..###.####.#
##....## #.# ##.###
#.# #.# #.# #.#
#####.#####
##'###.........#
##...##.###.###.#
##.....#.# #.###J#
#........# #.#.#@#
.........###...5g####
.........'......h...#
.........###.....##.#
#........###.#.#.##.#
##....)#.........##.#
##..)######.###.##.#
##'## #.###.##.# #.#
#........#


You could see a hound, a jelly, a gnoll and a shadow imp.

Vanquished Creatures
  An ogre (D:4)
  A necrophage (D:5)
  A scorpion (D:5)
  A jelly (D:5)
  An orc priest (D:3)
  5 iguanas
  4 gnolls (D:5)
  6 adders
  A shadow imp (D:5)
  A white imp (D:5)
  An ufetubus (D:5)
  3 worms
  2 dart slugs (D:4)
  6 orcs
  4 ball pythons
  9 endoplasms
  4 giant cockroaches
  5 goblins
  2 hobgoblins
  9 kobolds
  A quokka (D:1)
  7 bats
  6 rats
81 creatures vanquished.

Notes
Turn   | Place    | Note
-------+----------+-------------------------------------------
     0 | D:1      | soggyman666 the Minotaur Fighter began the quest for the
                  | Orb.
     0 | D:1      | Reached XP level 1. HP: 19/19 MP: 0/0
    52 | D:1      | Reached skill level 3 in Axes
    57 | D:1      | Reached XP level 2. HP: 18/26 MP: 1/1
   180 | D:1      | Found Rafuk's General Store.
   572 | D:1      | Got Sif Muna's Compilation of the Salvo and the Iceberg
   815 | D:1      | Reached skill level 4 in Axes
  1003 | D:2      | Reached XP level 3. HP: 31/31 MP: 2/2
  1218 | D:2      | Reached skill level 5 in Axes
  1352 | D:2      | Reached XP level 4. HP: 39/39 MP: 3/3
  1477 | D:3      | Found a stormy altar of Qazlal.
  1632 | D:3      | Found a faded altar of an unknown god.
  1751 | D:3      | Reached skill level 6 in Axes
  2147 | D:4      | Noticed an ogre
  2152 | D:4      | Killed an ogre
  2153 | D:4      | Reached skill level 7 in Axes
  2153 | D:4      | Reached XP level 5. HP: 19/45 MP: 4/4
  2481 | D:4      | Reached XP level 6. HP: 40/51 MP: 5/5
  2923 | D:4      | Reached skill level 8 in Axes
  3173 | D:4      | Found a runed translucent door.
  3173 | D:4      | Noticed a sky beast
  3174 | D:4      | Noticed fantasyman's ghost (amateur MiFi)
  3377 | D:4      | Found a glowing silver altar of Zin.
  3620 | D:5      | Entered Level 5 of the Dungeon
  3821 | D:5      | Found a glowing golden altar of the Shining One.
  4115 | D:5      | Reached skill level 9 in Axes
  4118 | D:5      | Reached XP level 7. HP: 38/57 MP: 6/6
  4147 | D:4      | HP: 1/58 [gnoll/+1 whip of venom (3)]
  4148 | D:4      | Succumbed to a gnoll's poison

Illustrated notes

Levels and vault maps discovered:
D:1:      eino_arrival_tree_alley, layout_basic, serial_shops,
          nicolae_shop_stone, minmay_tromino_v4_b
D:2:      layout_rooms, feat_on_display
D:3:      layout_basic, mainiacjoe_overflow_brackets,
          hellmonk_ecumenical_altar_arch_garden
D:4:      layout_loops_corners, zin_statuary, ebering_ghost_inner_flame,
          chequers_serial_rivers_micro_a
D:5:      layout_loops_ring, lemuel_zombie_altar_yredelemnul,
          mainiacjoe_overflow_chevrons, minmay_circle_x

Skill      XL: |  1  2  3  4  5  6 |
---------------+-------------------+-----
Axes           | 3 4 5 7 9 |  9.1
Fighting       | |  3.8
Armour         | |  3.8
Dodging        | |  0.8
Shields        | |  3.8

Action                   |  1- 3 |  4- 6 |  7- 9 || total
-------------------------+-------+-------+-------++-------
Melee: War axe           |    68 |   101 |    11 ||   180
       Headbutt          |     7 |    16 |     2 ||    25
  Use: Scroll            |     4 |     4 |     2 ||    10
       Potion            |       |     1 |     3 ||     4
Armor: Scale mail        |    38 |    32 |     6 ||    76
Dodge: Dodged            |    35 |    35 |     7 ||    77
Block: Buckler           |    15 |    23 |    10 ||    48
